 Dungeon Crawl Stone Soup version 0.24-a0-203-gf0bc1e9 (webtiles) character file.

Game seed: 15898959773388001142

1314 Borgoz the Covered (level 8, 0/54 HPs)
             Began as a Halfling Fighter on Mar 27, 2019.
             Was an Initiate of Ashenzari.
             Killed by nerve-wracking pain
             ... invoked by a shadow imp
              (11 damage)
             ... on level 6 of the Dungeon.
             The game lasted 00:12:31 (5127 turns).

Borgoz the Covered (Halfling Fighter)               Turns: 5127, Time: 00:12:31

Health: 0/54       AC: 10    Str: 17    XL:     8   Next: 89%
Magic:  0/8        EV: 14    Int:  7    God:    Ashenzari [......]
Gold:   238        SH:  0    Dex: 15    Spells: 7/7 levels left

rFire    + . .     SeeInvis +   a - +0 dagger (drain) (curse)
rCold    + . .     Gourm    .   (shield restricted)
rNeg     . . .     Faith    .   v - +0 scale mail
rPois    +         Spirit   +   (no helmet)
rElec    +         Reflect  .   (no cloak)
rCorr    +         Harm     .   A - +2 pair of gloves
MR       .....                  (no boots)
Stlth    ..........             n - amulet of guardian spirit
HPRegen  0.18/turn              E - ring of see invisible
MPRegen  0.11/turn              w - ring of poison resistance

@: resistant, berserk cooldown, slowed, drained, very slow
A: small, mutation resistance 1
a: Curse Item, Renounce Religion


You were on level 6 of the Dungeon.
You worshipped Ashenzari.
Ashenzari was noncommittal.
You were near starving.

You visited 1 branch of the dungeon, and saw 6 of its levels.

You collected 238 gold pieces.

Inventory:

Hand Weapons
 a - a cursed +0 dagger of draining (weapon)
 b - a +0 blowgun
 C - a +0 rapier
Missiles
 e - 3 curare-tipped needles
 u - a throwing net (quivered)
Armour
 c - a +0 shield
 v - a +0 scale mail (worn)
 A - a +2 pair of gloves (worn)
Jewellery
 n - an amulet of guardian spirit (around neck)
 q - an uncursed ring of magical power
 w - a ring of poison resistance (right hand)
 E - a ring of see invisible (left hand)
Wands
 s - a wand of paralysis (7)
 x - a wand of iceblast (5)
 D - a wand of polymorph (5)
Scrolls
 g - a scroll of remove curse
 h - a scroll of amnesia {unknown}
 m - 3 scrolls of teleportation {unknown}
 o - a scroll of immolation {unknown}
 r - 4 scrolls of identify {unknown}
 y - a scroll of fear {unknown}
 z - a scroll of noise {unknown}
 B - a scroll of fog {unknown}
Potions
 i - a potion of berserk rage
 j - 2 potions of flight {unknown}
 k - 3 potions of resistance
 p - 2 potions of invisibility {unknown}
 t - a potion of cancellation {unknown}
 F - a potion of mutation {unknown}
Comestibles
 f - 12 rations


   Skills:
 + Level 4.9(3.9) Fighting
 + Level 5.7(4.7) Short Blades
 + Level 4.1(3.2) Throwing
 + Level 5.8(4.9) Armour
 + Level 4.6(3.6) Dodging
 + Level 2.1(1.2) Stealth
 - Level 3.2(2.3) Shields


You had 7 spell levels left.
You didn't know any spells.
Your spell library contained the following spells:

 Spells                   Type           Power        Failure   Level  Hunger
 Summon Small Mammal      Summ           #...         82%         1    ##.....
 Call Imp                 Summ           #.......     91%         2    ###....
 Call Canine Familiar     Summ           #.......     99%         3    ####...
 Summon Guardian Golem    Hex/Summ       #.......     99%         3    ####...
 Summon Ice Beast         Ice/Summ       #.......     100%        4    #####..
 Summon Lightning Spire   Summ/Air       #.......     100%        4    #####..


Dungeon Overview and Level Annotations

Branches:
Dungeon (6/15)
 Temple: D:4-7

Altars:
Ashenzari
Gozag
Hepliaklqana
Makhleb
Qazlal
Ru
Sif Muna
Trog
Vehumet

Shops:
D:4 %::*


Innate Abilities, Weirdness & Mutations

You are small and have problems with some larger weapons.
You are somewhat resistant to further mutation.


Message History

You closely miss the shadow imp.
The shadow imp is heavily wounded.
The shadow imp hits you.
* * * LOW HITPOINT WARNING * * *
The shadow imp closely misses you.
You hit the shadow imp.
The shadow imp is severely wounded.
The shadow imp hits you.
* * * LOW HITPOINT WARNING * * *
Your scale mail prevents you from hitting the shadow imp.
The shadow imp is severely wounded.
The shadow imp misses you.
You closely miss the shadow imp.
The shadow imp is severely wounded.
The shadow imp hits you but does no damage.
Your scale mail prevents you from hitting the shadow imp.
The shadow imp is severely wounded.
The shadow imp gestures at you. Pain shoots through your body!
You die...

##### #....## ##
##..### .########
#..# ........####
#.# ##
#######....## #.#
##. ####..###.#
.. ##...))# .#
####.)####.###[##
#...5@..).......
#?.....###≈###.##
......###.# .#
.####. #.# .# ..
#.. .. #. #### #.
#. #. .


You could see a shadow imp.

Vanquished Creatures
  2 sky beasts (D:6)
  2 ogres
  A phantom (D:5)
  A scorpion (D:4)
  3 wights (D:6)
  2 crimson imps
  A bullfrog zombie (D:3)
  2 bullfrog skeletons (D:4)
  An orc priest (D:4)
  3 hounds
  5 orc wizards
  4 worker ants
  7 adders
  An ooze (D:5)
  An adder skeleton (D:4)
  2 worms (D:2)
  A dart slug (D:3)
  4 leopard geckos
  17 orcs
  2 giant cockroaches
  9 goblins
  8 hobgoblins
  7 jackals
  4 quokkas
  3 ball pythons
  8 bats
  5 frilled lizards
  7 kobolds
  A leopard gecko skeleton (D:4)
  A quokka skeleton (D:4)
  4 rats
119 creatures vanquished.

Vanquished Creatures (others)
  A wight (D:6)
1 creature vanquished.

Grand Total: 120 creatures vanquished

Notes
Turn   | Place    | Note
-------+----------+-------------------------------------------
     0 | D:1      | Borgoz the Halfling Fighter began the quest for the Orb.
     0 | D:1      | Reached XP level 1. HP: 15/15 MP: 1/1
   203 | D:1      | Reached XP level 2. HP: 20/20 MP: 2/2
   838 | D:2      | Found a radiant altar of Vehumet.
   852 | D:2      | Reached skill level 1 in Dodging
   852 | D:2      | Reached XP level 3. HP: 18/25 MP: 3/3
  1017 | D:2      | Reached skill level 1 in Throwing
  1629 | D:2      | Reached XP level 4. HP: 31/31 MP: 4/4
  2255 | D:3      | Reached XP level 5. HP: 35/36 MP: 5/5
  2418 | D:3      | Found a deep blue altar of Sif Muna.
  2463 | D:3      | Found an opulent altar of Gozag.
  2464 | D:3      | Found a burning altar of Makhleb.
  2465 | D:3      | Found a stormy altar of Qazlal.
  2465 | D:3      | Found a bloodstained altar of Trog.
  2782 | D:4      | Found Etohuopn's Book Shoppe.
  2892 | D:4      | Reached XP level 6. HP: 42/42 MP: 6/6
  2910 | D:4      | Noticed an ogre
  2922 | D:4      | Killed an ogre
  3087 | D:4      | Found Vakkis's General Store.
  3102 | D:4      | Reached XP level 7. HP: 33/47 MP: 7/7
  3310 | D:4      | Found Medoteck's Book Shoppe.
  3377 | D:4      | Found Ysoy's Food Shoppe.
  3832 | D:4      | Found a hazy altar of Hepliaklqana.
  3893 | D:5      | Entered Level 5 of the Dungeon
  3913 | D:5      | Reached skill level 5 in Armour
  4078 | D:5      | Reached XP level 8. HP: 54/54 MP: 8/8
  4107 | D:5      | Found a shattered altar of Ashenzari.
  4114 | D:5      | Became a worshipper of Ashenzari the Shackled
  4226 | D:5      | Found a sacrificial altar of Ru.
  4340 | D:5      | Reached skill level 5 in Short Blades
  4973 | D:6      | Reached skill level 1 in Stealth
  5127 | D:6      | Killed from afar by a shadow imp

Levels and vault maps discovered:
D:1:      lemuel_arrival_behind_the_door_small, layout_loops_ring
D:2:      minmay_evil_eye, layout_loops_corners, lemuel_doored_altar,
          columned_hall_lemuel, minmay_door_square
D:3:      layout_loops_corners, chequers_temple_overflow_statue_of_worship,
          lemuel_coloured_pillars_altar, kennysheep_big_empty_room
D:4:      cheibrodos_greedy_goblins, layout_basic, lemuel_round_altar,
          serial_shops, shop, shop_fountains, nicolae_shop_trees,
          nicolae_shop_statue_plus
D:5:      layout_basic, nicolae_ru_sacrificial_ziggurat, first_ration,
          basic_altar
D:6:      layout_rooms, minmay_temple_entry_offerings,
          minmay_misc_feat_more_columns

Skill      XL: |  1  2  3  4  5  6  7  8 |
---------------+-------------------------+-----
Dodging        | 1 2 3 4 |  4.6
Throwing       | 1 2 3 4 |  4.1
Fighting       | 3 4 |  4.9
Short Blades   | 3 4 5 |  5.7
Armour         | 4 5 |  5.8
Stealth        | 2 |  2.1
Shields        | |  3.2

Action                   |  1- 3 |  4- 6 |  7- 9 || total
-------------------------+-------+-------+-------++-------
Melee: Rapier            |   121 |   167 |    46 ||   334
       Dagger            |       |       |   457 ||   457
Invok: Curse Item        |       |       |     1 ||     1
Evoke: Wand              |       |       |     3 ||     3
  Use: Potion            |       |     2 |     5 ||     7
  Eat: Chunk             |     2 |     5 |     6 ||    13
Armor: Scale mail        |    56 |    68 |   159 ||   283
Dodge: Dodged            |    48 |   115 |   287 ||   450
Block: Shield            |    64 |       |       ||    64

Table legend:
 A = Non-vault XP
 B = Vault XP
 C = Vault XP percentage of total XP
 D = Non-vault monster count
 E = Vault monster count
 F = Vault count percentage of total count
                 A         B        C        D         E       F
            +---------+---------+-------+---------+---------+-------
      Total |    1855 |      23 |   1.2 |     108 |      11 |   9.2
            +---------+---------+-------+---------+---------+-------
        D:1 |      22 |       0 |   0.0 |      14 |       0 |   0.0
        D:2 |      46 |      11 |  19.3 |      12 |       4 |  25.0
        D:3 |     165 |       0 |   0.0 |      24 |       0 |   0.0
        D:4 |     534 |      12 |   2.2 |      30 |       7 |  18.9
        D:5 |     572 |       0 |   0.0 |      18 |       0 |   0.0
        D:6 |     516 |       0 |   0.0 |      10 |       0 |   0.0
            +---------+---------+-------+---------+---------+-------
